 Dungeon Crawl Stone Soup version 0.20-a0-820-g557356e (console) character file.

380 nht the Bolt Thrower (level 6, -2/50 HPs)
             Began as a Hill Orc Hunter on Mar 4, 2017.
             Was an Initiate of Gozag.
             Slain by Menkaure (15 damage)
             ... on level 4 of the Dungeon.
             The game lasted 00:05:18 (3313 turns).

nht the Bolt Thrower (Hill Orc Hunter)              Turns: 3313, Time: 00:05:19

Health: -2/50      AC: 11    Str: 17    XL:     6   Next: 75%
Magic:  6/6        EV:  5    Int: 11    God:    Gozag
Gold:   282        SH:  0    Dex: 11    Spells: 5/5 levels left

rFire    . . .     SeeInvis .   e - +0 war axe
rCold    . . .     Gourm    .   j - +0 plate armour
rNeg     . . .     Faith    .   (no shield)
rPois    .         Spirit   .   n - +0 helmet
rElec    .         Reflect  .   (no cloak)
rCorr    .         Harm     .   (no gloves)
MR       .....                  (no boots)
Stlth    ..........             (no amulet)
Regen    0.2/turn               (no ring)
MPRegen  0.1/turn               (no ring)

@: gold aura
A: no striking features
a: Potion Petition, Call Merchant, Bribe Branch, Renounce Religion


You were on level 4 of the Dungeon.
You worshipped Gozag.
Gozag was aware of your devotion.
You were not hungry.

You visited 1 branch of the dungeon, and saw 5 of its levels.

You collected 302 gold pieces.
You paid 20 gold pieces to Gozag.

Inventory:

Hand Weapons
 a - a +1 hand crossbow
 b - a +0 short sword
 e - a +0 war axe (weapon)
 s - a +0 hand axe
Missiles
 d - 10 bolts
Armour
 c - a +0 leather armour
 j - a +0 plate armour (worn)
 n - a +0 helmet (worn)
Scrolls
 k - a scroll of teleportation
 l - a scroll of identify
Potions
 g - a potion of flight
 h - 2 potions of haste
 i - a potion of degeneration
 o - a potion of magic
Comestibles
 f - a bread ration


   Skills:
 - Level 2.4 Fighting
 + Level 3.1 Axes
 - Level 6.7 Crossbows
 - Level 1.5 Dodging
 - Level 0.7 Stealth


You had 5 spell levels left.
You didn't know any spells.

Dungeon Overview and Level Annotations

Branches:
Dungeon (5/15)
 Temple: D:4-7

Altars:
Fedhas
Gozag
Sif Muna
Vehumet

Annotations:
D:3 Mezriss's ghost, amateur DEIE
D:4 Menkaure


Message History

You hit the jackal but do no damage. The jackal completely misses you.
The jackal bites you but does no damage.
Menkaure hits you but does no damage.
Your plate armour prevents you from hitting Menkaure.
You slash the jackal!
You kill the jackal!
Menkaure gestures at you while chanting.
Pain shoots through your body!
Your plate armour prevents you from hitting Menkaure.
Menkaure hits you!
You hit Menkaure.
Menkaure is lightly damaged.
Menkaure calls on the powers of darkness!
Your body is wracked with pain!
* * * LOW HITPOINT WARNING * * *
You hit Menkaure.
Menkaure is lightly damaged.
Menkaure hits you!
You die...
Your body crumbles into a pile of gold.

█ ███ ███ █. ..█
█.█ .. .███ █.█ █.█
... ..█ █.█ █.█ ..█
█.█ ██.██ █.█ █.█
█.███████..<████.█
█.█
█.........█.██)..█
█% █.█
█.█M█████...██)███
█$..███$████.█@█
██.███.█
█........h.h.█$█
█.█ █.█ █
..████.██.███.█
█.███[█████ ███
█.██.█ █.█
█.......... ..█ .
..██.█ █.█
█████.█████ ..█
....██.███.█ █.█
....
............██████
█.█ ..█.
M................█
█.█ ..█
.....████████████.█
█.█


You could see Menkaure.

Vanquished Creatures
  An ogre (D:5)
  Blork the orc (D:5)
  3 orc priests
  An iguana (D:5)
  A worker ant (D:5)
  3 adders
  An ooze (D:1)
  2 leopard geckos
  6 orcs
  6 bats
  2 giant cockroaches (D:1)
  2 goblins (D:2)
  5 hobgoblins
  8 jackals
  7 kobolds
  2 quokkas
  A ball python (D:3)
  4 frilled lizards
  3 rats
59 creatures vanquished.

Notes
Turn   | Place    | Note
-------+----------+-------------------------------------------
     0 | D:1      | nht the Hill Orc Hunter began the quest for the Orb.
     0 | D:1      | Reached XP level 1. HP: 18/18 MP: 1/1
    42 | D:1      | Reached skill level 4 in Crossbows
    42 | D:1      | Reached XP level 2. HP: 10/25 MP: 2/2
   738 | D:2      | Found an opulent altar of Gozag.
   827 | D:2      | Reached XP level 3. HP: 30/30 MP: 3/3
  1397 | D:2      | Became a worshipper of Gozag Ym Sagoz the Greedy
  1519 | D:3      | Reached skill level 5 in Crossbows
  1519 | D:3      | Reached XP level 4. HP: 35/37 MP: 4/4
  1679 | D:3      | HP: 1/37 [orc priest/divine providence (10)]
  2002 | D:3      | Reached XP level 5. HP: 25/42 MP: 5/5
  2050 | D:3      | Found a radiant altar of Vehumet.
  2051 | D:3      | Noticed Mezriss's ghost (amateur DEIE)
  2083 | D:4      | Noticed Menkaure
  2093 | D:5      | Entered Level 5 of the Dungeon
  2093 | D:5      | Noticed an ogre
  2100 | D:5      | HP: 1/42 [ogre/giant club (22)]
  2102 | D:5      | Killed an ogre
  2102 | D:5      | Reached skill level 6 in Crossbows
  2102 | D:5      | Reached XP level 6. HP: 1/50 MP: 6/6
  2501 | D:5      | Found a blossoming altar of Fedhas.
  2511 | D:5      | Noticed Blork the orc
  2538 | D:5      | Found a deep blue altar of Sif Muna.
  3010 | D:5      | Killed Blork the orc
  3313 | D:4      | Slain by Menkaure

Vault maps used:
D:1:      dpeg_arrival_rhombus, hex_medium, hangedman_glass_teeth
D:2:      lemuel_round_altar
D:3:      lemuel_upstairs_altar, lemuel_round_altar, old_standard_altar,
          serial_glass, glass_columns_a, glass_columns_a
D:4:      kennysheep_vampire_church, uniq_pikel, uniq_menkaure
D:5:      yredelemnul_forgotten_temple_becter, marbit_many_paths, slow_altar_1,
          nicolae_overflow_crystal_walls, gammafunk_temple_overflow_elements,
          minmay_temple_entry_junction_2, serial_shops,
          nicolae_shop_behind_doors, first_bread, uniq_sigmund, uniq_edmund,
          uniq_blork_the_orc

Skill      XL: |  1  2  3  4  5  6 |
---------------+-------------------+-----
Crossbows      | 4 5 6 |  6.7
Axes           | 3 |  3.1
Fighting       | |  2.4
Dodging        | |  1.5
Stealth        | |  0.7

Action                   |  1- 3 |  4- 6 || total
-------------------------+-------+-------++-------
Melee: Hand axe          |    17 |    21 ||    38
       War axe           |       |    20 ||    20
       Short sword       |       |     5 ||     5
 Fire: Hand crossbow     |    91 |    41 ||   132
  Use: Potion            |     7 |     2 ||     9
       Scroll            |       |     5 ||     5
  Eat: Chunk             |     1 |       ||     1
       Meat ration       |       |     1 ||     1
       Bread ration      |       |     1 ||     1
Armor: Leather armour    |    38 |     1 ||    39
       Skin              |    18 |       ||    18
       Plate armour      |       |    61 ||    61
Dodge: Dodged            |    60 |    27 ||    87
